 Dungeon Crawl Stone Soup version 0.29-a0-1047-g7c58e119a4 (webtiles) character file.

Game seed: 12637028103101057674

199 Tocho the Poker (level 5, 0/39 HPs)
             Began as a Demonspawn Gladiator on Aug 17, 2022.
             Succumbed to a gnoll's poison
             ... on level 2 of the Dungeon.
             The game lasted 00:04:02 (1481 turns).

Tocho the Poker (Demonspawn Gladiator)              Turns: 1481, Time: 00:04:03

Health: 0/39       AC:  3    Str: 16    XL:     5   Next: 48%
Magic:  5/5        EV: 14    Int:  9    God:
Gold:   76         SH:  0    Dex: 15    Spells: 4/4 levels left

rFire   . . .      SeeInvis .   a - +0 trident
rCold   . . .      Faith    .   (no shield)
rNeg    . . .      Spirit   .   b - +0 leather armour
rPois   .          Reflect  .   (no helmet)
rElec   .          Harm     .   (no cloak)
rCorr   .          Rampage  .   (no gloves)
Will    .....                   (no boots)
Stlth   +.........              (no amulet)
HPRegen 0.13/turn               (no ring)
MPRegen 0.09/turn               (no ring)

@: lethally poisoned (0 -> -22), hasted, very quick
A: repulsion field 1, ignite blood 2
a: no special abilities


You were on level 2 of the Dungeon.
You visited 1 branch of the dungeon, and saw 2 of its levels.

You collected 76 gold pieces.

Inventory:

Hand Weapons
 a - a +0 trident (weapon)
Missiles
 d - a throwing net (quivered)
 e - a javelin
Armour
 b - a +0 leather armour (worn)
 c - a +0 helmet
 j - a +0 hat
Scrolls
 h - a scroll of fear {unknown}
 i - 3 scrolls of identify {unknown}
 l - a scroll of summoning {unknown}
Potions
 g - a potion of ambrosia {unknown}
 k - a potion of mutation {unknown}


   Skills:
 - Level 2.4 Fighting
 + Level 5.2 Polearms
 - Level 2.1 Throwing
 - Level 3.0 Dodging


You had 4 spell levels left.
You didn't know any spells.
Your spell library was empty.

Dungeon Overview and Level Annotations

Branches:
Dungeon (2/15)

Altars:


Innate Abilities, Weirdness & Mutations

You are surrounded by a mild repulsion field. (EV +2)
Your demonic aura often causes spilled blood to erupt in flames.


Message History

You kill the ball python!
d - a throwing net
Items here: ( ) [ †.
Okay, then.
Found a stone staircase leading down.
Found a whip.
A giant cockroach comes into view.
A giant cockroach is nearby!
You hit the giant cockroach.
You kill the giant cockroach!
No target in view!
No target in view!
No target in view!
No target in view!
No target in view!
No target in view!
No target in view!
No target in view!
No target in view!
Found a whip. 3 gnolls come into view.
A gnoll is wielding a +1 halberd of venom.
The gnoll shouts!
You hear a shout!
You see here a +0 whip.
A gnoll comes into view. It is wielding a +0 flail.
The gnoll hits you from afar with a +1 halberd of venom!
You reach to attack!
You hit the gnoll.
The gnoll is lightly wounded.
The gnoll is engulfed in blazing flames.
The gnoll hits you from afar with a +1 halberd of venom!
You are lethally poisoned!
The gnoll is engulfed in blazing flames.
You kill the gnoll!
The gnoll hits you with a +0 flail.
* * * LOW HITPOINT WARNING * * *
* * * LOW HITPOINT WARNING * * *
You feel very sick.
You see here a +0 whip.
It was a potion of haste.
You feel yourself speed up.
You die...

# ####.########## .....○.g.......
#.gg○.# # #####@## #
......###...# ## #.# #.....#.#
##. #.# #####...# ##.. #.# ##.##
##... #.# #.# ##.... #.# #.#
########≈....
#.########.####.....##....≈
#.#####....................#...§≈


You could see 3 gnolls.

Vanquished Creatures
  Sigmund (D:2)
  A gnoll (D:2)
  A dart slug (D:1)
  2 ball pythons
  5 endoplasms
  3 giant cockroaches
  A hobgoblin (D:1)
  2 jackals (D:2)
  2 kobolds (D:1)
  2 quokkas (D:1)
  3 bats
  6 frilled lizards (D:1)
  A rat (D:1)
30 creatures vanquished.

Notes
Turn   | Place    | Note
-------+----------+-------------------------------------------
     0 | D:1      | Tocho the Demonspawn Gladiator began the quest for the Orb.
     0 | D:1      | Reached XP level 1. HP: 16/16 MP: 1/1
   291 | D:1      | Gained mutation: Your demonic aura sometimes causes spilled
                  | blood to erupt in flames. [demonic ancestry]
   291 | D:1      | Reached XP level 2. HP: 22/22 MP: 2/2
   371 | D:1      | Found a faded altar of an unknown god.
   765 | D:1      | Reached skill level 3 in Polearms
  1116 | D:1      | You fall into a shaft and drop 1 floor!
  1164 | D:2      | Reached XP level 3. HP: 21/28 MP: 3/3
  1330 | D:2      | Noticed Sigmund
  1345 | D:2      | Killed Sigmund
  1346 | D:2      | Reached skill level 5 in Polearms
  1346 | D:2      | Gained mutation: You are surrounded by a mild repulsion
                  | field. (EV +2) [demonic ancestry]
  1346 | D:2      | Reached XP level 4. HP: 30/34 MP: 4/4
  1346 | D:2      | Gained mutation: Your demonic aura often causes spilled
                  | blood to erupt in flames. [demonic ancestry]
  1346 | D:2      | Reached XP level 5. HP: 35/39 MP: 5/5
  1481 | D:2      | Succumbed to a gnoll's poison

Illustrated notes

Levels and vault maps discovered:
D:1:      lightli_arrival_farm, layout_basic,
          shapermc_ecumenical_altar_starsandcircs,
          nicolae_concentric_dashed_squares_mild, minmay_misc_feat_cross,
          hangedman_decor_points, columned_hall_lemuel, minmay_lizard_pond
D:2:      layout_loops_ring, serial_shops, shop_statue, kennysheep_donut,
          nicolae_underground_beach, uniq_sigmund

Skill      XL: |  1  2  3 |
---------------+----------+-----
Throwing       | 2 |  2.1
Dodging        | 3 |  3.0
Polearms       | 3 5 |  5.2
Fighting       | |  2.4

Action                   |  1- 3 |  4- 6 || total
-------------------------+-------+-------++-------
Melee: Trident           |    78 |     7 ||    85
       Punch             |     1 |       ||     1
Throw: Throwing net      |     3 |       ||     3
  Use: Potion            |       |     1 ||     1
 Stab: Sleeping          |     2 |       ||     2
       Held in net/web   |     1 |       ||     1
Armor: Leather armour    |    17 |     2 ||    19
Dodge: Dodged            |    45 |     1 ||    46

Table legend: (Time is in decaauts)
 A = Elapsed time spent in this place.
 B = Non-inter-level travel time spent in this place.
 C = Inter-level travel time spent in this place.
 D = Time resting spent in this place.
 E = Time spent auto-exploring this place.
 F = Levels seen in this place.
 G = Mean time per level.
                   A        B        C        D        E       F      G
               +--------+--------+--------+--------+--------+-----+--------+
         Total |   1506 |   1490 |     16 |      0 |   1254 |   2 |  753.0 |
       Dungeon |   1506 |   1490 |     16 |      0 |   1254 |   2 |  753.0 |
               +--------+--------+--------+--------+--------+-----+--------+

Top non-repeatable levels by time:
     D:1: 1137 daAuts
     D:2: 368 daAuts
